| TOP OF THE 1ST |
|
Fresno Grizzlies batting - Pitching for Durham Bulls : RHP Julian Black
|
|
Pitching: RHP Julian Black
|
|
|
Batting: SHB Bryan Johnston
|
0-0: Ground out 4-3 (Groundball, 4, EV 83.8 MPH)
|
|
Batting: RHB Xavier Castaneda
|
0-0: Called Strike 0-1: Called Strike 0-2: Strikes out swinging
|
|
Batting: RHB Marty King
|
0-0: Called Strike 0-1: Ball 1-1: Foul Ball, location: 2F 1-2: Foul Ball, location: 2F 1-2: Ball 2-2: Fly out, F9 (Flyball, 9D, EV 95.0 MPH)
|
| Top of the 1st over - 0 runs, 0 hits, 0 errors, 0 left on base; Fresno 0 - Durham 0 |
| BOTTOM OF THE 1ST |
|
Durham Bulls batting - Pitching for Fresno Grizzlies : LHP Jimmy Edlin
|
|
Pitching: LHP Jimmy Edlin
|
|
|
Batting: RHB Sesto Carpini
|
0-0: Ball 1-0: Swinging Strike 1-1: Ball 2-1: Foul Ball, location: 2F 2-2: Foul Ball, location: 2F 2-2: Ball 3-2: Foul Ball, location: 2F 3-2: Foul Ball, location: 2F 3-2: Ground out 4-3 (Groundball, 4S, EV 90.6 MPH)
|
|
Batting: SHB Joey Pacheco
|
0-0: Ball 1-0: Foul Ball, location: 2F 1-1: SINGLE (Groundball, 6M, EV 76.2 MPH) (infield hit)
|
|
Batting: RHB David Ward
|
0-0: Called Strike 0-1: Ball 1-1: Ball 2-1: Foul Ball, location: 2F 2-2: Foul Ball, location: 2F 2-2: SINGLE (Groundball, 13, EV 88.8 MPH) (infield hit) Joey Pacheco to second
|
|
Batting: RHB Jonathan Fraire
|
0-0: Called Strike 0-1: Ball 1-1: Ball 2-1: Ball 3-1: Base on Balls Joey Pacheco to third David Ward to second
|
|
Batting: RHB Kevin Benfield
|
0-0: Grounds into double play, 5-4-3 (Groundball, 15, EV 86.2 MPH)
|
| Bottom of the 1st over - 0 runs, 2 hits, 0 errors, 2 left on base; Fresno 0 - Durham 0 |
| TOP OF THE 2ND |
|
Fresno Grizzlies batting - Pitching for Durham Bulls : RHP Julian Black
|
|
Batting: RHB Elijah Hunter
|
0-0: Called Strike 0-1: Ball 1-1: Ground out 5-3 (Groundball, 56, EV 85.0 MPH)
|
|
Batting: SHB Paskar Adegoke
|
0-0: Called Strike 0-1: Called Strike 0-2: Ball 1-2: Ball 2-2: Strikes out looking
|
|
Batting: RHB Ramon Castellon
|
0-0: Foul Ball, location: 2F 0-1: Ball 1-1: Foul Ball, location: 2F 1-2: Ball 2-2: Strikes out swinging
|
| Top of the 2nd over - 0 runs, 0 hits, 0 errors, 0 left on base; Fresno 0 - Durham 0 |
| BOTTOM OF THE 2ND |
|
Durham Bulls batting - Pitching for Fresno Grizzlies : LHP Jimmy Edlin
|
|
Batting: RHB Antonio Pacheco
|
0-0: Called Strike 0-1: Foul Ball, location: 2F 0-2: Ground out 3-1 (Groundball, 34S, EV 70.6 MPH)
|
|
Batting: RHB Jose Arriola
|
0-0: Reached on error, E5 (Groundball, 56S, EV 93.1 MPH)
|
|
Batting: RHB Danny Diaz
|
0-0: SINGLE (Line Drive, 89M, EV 94.4 MPH) Jose Arriola to third
|
|
Batting: RHB Dan Marks
|
0-0: Ball Danny Diaz steals 2nd base (no throw) 1-0: Ball 2-0: Fly out, F7 (Line Drive, 7, EV 85.6 MPH) Runner from 3rd tags up, SCORES, throw by LF Danny Diaz to third
|
|
Batting: RHB Sesto Carpini
|
0-0: Foul Ball, location: 2F 0-1: Swinging Strike 0-2: DOUBLE (Line Drive, 78M, EV 95.0 MPH) Danny Diaz scores
|
|
Batting: SHB Joey Pacheco
|
0-0: Ball 1-0: Called Strike 1-1: Foul Ball, location: 2F 1-2: Ball 2-2: Foul Ball, location: 2F 2-2: Ground out 3-1 (Groundball, 13, EV 88.1 MPH)
|
| Bottom of the 2nd over - 2 runs, 2 hits, 1 error, 1 left on base; Fresno 0 - Durham 2 |
| TOP OF THE 3RD |
|
Fresno Grizzlies batting - Pitching for Durham Bulls : RHP Julian Black
|
|
Batting: RHB Nick Deegan
|
0-0: Ball 1-0: Foul Ball, location: 2F 1-1: Ball 2-1: Hit by Pitch
|
|
Batting: RHB Edgar Trejo
|
0-0: Called Strike 0-1: Ball 1-1: Foul Ball, location: 2F 1-2: Foul Ball, location: 2F 1-2: Strikes out swinging
|
|
Batting: SHB Danny Jensen
|
0-0: Called Strike 0-1: Foul Ball, location: 2F 0-2: Ball Nick Deegan is caught stealing 2nd base 2-6 1-2: Ball 2-2: Strikes out swinging
|
| Top of the 3rd over - 0 runs, 0 hits, 0 errors, 0 left on base; Fresno 0 - Durham 2 |
| BOTTOM OF THE 3RD |
|
Durham Bulls batting - Pitching for Fresno Grizzlies : LHP Jimmy Edlin
|
|
Batting: RHB David Ward
|
0-0: Ball 1-0: Called Strike 1-1: Swinging Strike 1-2: Ball 2-2: Foul Ball, location: 2F 2-2: Ball 3-2: Fly out, F8 (Flyball, 8RM, EV 85.6 MPH)
|
|
Batting: RHB Jonathan Fraire
|
0-0: Called Strike 0-1: SINGLE (Groundball, 34, EV 102.5 MPH)
|
|
Batting: RHB Kevin Benfield
|
0-0: Ball 1-0: Called Strike 1-1: Foul Ball, location: 2F 1-2: Foul Ball, location: 2F 1-2: Ball 2-2: Strikes out swinging
|
|
Batting: RHB Antonio Pacheco
|
0-0: Called Strike Jonathan Fraire steals 2nd base 0-1: Ground out 6-3 (Groundball, 6, EV 85.0 MPH)
|
| Bottom of the 3rd over - 0 runs, 1 hit, 0 errors, 1 left on base; Fresno 0 - Durham 2 |
| TOP OF THE 4TH |
|
Fresno Grizzlies batting - Pitching for Durham Bulls : RHP Julian Black
|
|
Batting: SHB Bryan Johnston
|
0-0: Ground out U3 (Groundball, 34S, EV 90.0 MPH)
|
|
Batting: RHB Xavier Castaneda
|
0-0: Called Strike 0-1: Foul Ball, location: 2F 0-2: Strikes out swinging
|
|
Batting: RHB Marty King
|
0-0: Called Strike 0-1: Fly out, F8 (Flyball, 89S, EV 79.4 MPH)
|
| Top of the 4th over - 0 runs, 0 hits, 0 errors, 0 left on base; Fresno 0 - Durham 2 |
| BOTTOM OF THE 4TH |
|
Durham Bulls batting - Pitching for Fresno Grizzlies : LHP Jimmy Edlin
|
|
Batting: RHB Jose Arriola
|
0-0: Ball 1-0: Ground out 6-3 (Groundball, 6M, EV 77.5 MPH)
|
|
Batting: RHB Danny Diaz
|
0-0: Foul Ball, location: 2F 0-1: Swinging Strike 0-2: Ball 1-2: Strikes out swinging
|
|
Batting: RHB Dan Marks
|
0-0: Called Strike 0-1: Ball 1-1: Called Strike 1-2: SINGLE (Groundball, 56S, EV 98.1 MPH)
|
|
Batting: RHB Sesto Carpini
|
0-0: Called Strike 0-1: Ball 1-1: Ball 2-1: Ball 3-1: Base on Balls Dan Marks to second
|
|
Batting: SHB Joey Pacheco
|
0-0: Ball 1-0: Foul Ball, location: 2F 1-1: Ball 2-1: Ball 3-1: Foul Ball, location: 2F 3-2: Base on Balls Dan Marks to third Sesto Carpini to second
|
|
Batting: RHB David Ward
|
0-0: Ball 1-0: Ball 2-0: Foul Ball, location: 2F 2-1: SINGLE (Line Drive, 5D, EV 103.1 MPH) Dan Marks scores Sesto Carpini to third Joey Pacheco to second Runner from 3rd tries for Home, throw by LF and OUT! 7-2
|
| Bottom of the 4th over - 1 run, 2 hits, 0 errors, 2 left on base; Fresno 0 - Durham 3 |
| TOP OF THE 5TH |
|
Fresno Grizzlies batting - Pitching for Durham Bulls : RHP Julian Black
|
|
Batting: RHB Elijah Hunter
|
0-0: Called Strike 0-1: Foul Ball, location: 2F 0-2: Ball 1-2: Foul Ball, location: 2F 1-2: Ball 2-2: Ball 3-2: Ground out 6-3 (Groundball, 6MD, EV 80.0 MPH)
|
|
Batting: SHB Paskar Adegoke
|
0-0: Called Strike 0-1: Ball 1-1: Fly out, F6 (Line Drive, 6D, EV 61.9 MPH)
|
|
Batting: RHB Ramon Castellon
|
0-0: Called Strike 0-1: Ball 1-1: Fly out, F7 (Flyball, 78M, EV 91.9 MPH)
|
| Top of the 5th over - 0 runs, 0 hits, 0 errors, 0 left on base; Fresno 0 - Durham 3 |
| BOTTOM OF THE 5TH |
|
Durham Bulls batting - Pitching for Fresno Grizzlies : LHP Jimmy Edlin
|
|
Batting: RHB Jonathan Fraire
|
0-0: Ball 1-0: Fly out, F7 (Flyball, 7S, EV 88.1 MPH)
|
|
Batting: RHB Kevin Benfield
|
0-0: Ball 1-0: Foul Ball, location: 2F 1-1: Swinging Strike 1-2: Ground out 4-3 (Groundball, 4, EV 75.6 MPH)
|
|
Batting: RHB Antonio Pacheco
|
0-0: Ball 1-0: Ball 2-0: Ball 3-0: Called Strike 3-1: Base on Balls
|
|
Batting: RHB Jose Arriola
|
0-0: Called Strike 0-1: Called Strike 0-2: Ball 1-2: Fly out, F6 (Popup, 6D, EV 42.5 MPH)
|
| Bottom of the 5th over - 0 runs, 0 hits, 0 errors, 1 left on base; Fresno 0 - Durham 3 |
| TOP OF THE 6TH |
|
Fresno Grizzlies batting - Pitching for Durham Bulls : RHP Julian Black
|
|
Batting: RHB Nick Deegan
|
0-0: Called Strike 0-1: Ball 1-1: Ground out 1-3 (Groundball, 13, EV 66.2 MPH)
|
|
Batting: RHB Edgar Trejo
|
0-0: Ball 1-0: DOUBLE (Line Drive, 5D, EV 94.4 MPH)
|
|
Batting: SHB Danny Jensen
|
0-0: Ball 1-0: Ground out U3 (Groundball, 3L, EV 98.1 MPH) Edgar Trejo to third
|
|
Batting: SHB Bryan Johnston
|
0-0: Called Strike 0-1: Called Strike 0-2: Strikes out looking
|
| Top of the 6th over - 0 runs, 1 hit, 0 errors, 1 left on base; Fresno 0 - Durham 3 |
| BOTTOM OF THE 6TH |
|
Durham Bulls batting - Pitching for Fresno Grizzlies : LHP Jimmy Edlin
|
|
Pitching: RHP Bill Garcia
|
|
|
Batting: RHB Danny Diaz
|
0-0: Called Strike 0-1: Swinging Strike 0-2: Foul Ball, location: 2F 0-2: Ball 1-2: Foul Ball, location: 2F 1-2: Foul Ball, location: 2F 1-2: Ball 2-2: Ball 3-2: Strikes out looking
|
|
Batting: RHB Dan Marks
|
0-0: Called Strike 0-1: Ball 1-1: Ball 2-1: SINGLE (Line Drive, 8RS, EV 90.6 MPH)
|
|
Batting: RHB Sesto Carpini
|
0-0: Ball 1-0: Ball 2-0: SINGLE (Groundball, 4D, EV 95.0 MPH) Dan Marks to second Runner from 2nd tries for 3rd, SAFE, throw by CF made to third
|
|
Batting: SHB Joey Pacheco
|
0-0: Foul Ball, location: 2F 0-1: Ball 1-1: Swinging Strike 1-2: Ball Sesto Carpini steals 2nd base (no throw) 2-2: Foul Ball, location: 2F 2-2: Ball 3-2: Foul Ball, location: 2F 3-2: Foul Ball, location: 2F 3-2: Ground out 6-3 (Groundball, 4, EV 85.0 MPH)
|
|
Batting: RHB David Ward
|
0-0: Called Strike 0-1: Foul Ball, location: 2F 0-2: Strikes out swinging
|
| Bottom of the 6th over - 0 runs, 2 hits, 0 errors, 2 left on base; Fresno 0 - Durham 3 |
| TOP OF THE 7TH |
|
Fresno Grizzlies batting - Pitching for Durham Bulls : RHP Julian Black
|
|
Batting: RHB Xavier Castaneda
|
0-0: Called Strike 0-1: Swinging Strike 0-2: Ball 1-2: Ball 2-2: Strikes out swinging
|
|
Batting: RHB Marty King
|
0-0: Ball 1-0: Ball 2-0: Foul Ball, location: 2F 2-1: Swinging Strike 2-2: Ball 3-2: Base on Balls
|
|
Batting: RHB Elijah Hunter
|
0-0: Ball 1-0: Grounds into double play, 6-4-3 (Groundball, 6, EV 98.8 MPH)
|
| Top of the 7th over - 0 runs, 0 hits, 0 errors, 0 left on base; Fresno 0 - Durham 3 |
| BOTTOM OF THE 7TH |
|
Durham Bulls batting - Pitching for Fresno Grizzlies : RHP Bill Garcia
|
|
Batting: RHB Jonathan Fraire
|
0-0: SINGLE (Groundball, 56D, EV 109.4 MPH)
|
|
Batting: RHB Kevin Benfield
|
0-0: Fly out, F6 (Popup, 4MD, EV 73.1 MPH)
|
|
Batting: RHB Antonio Pacheco
|
0-0: Called Strike Jonathan Fraire is caught stealing 2nd base 2-4 0-1: Ball 1-1: Ball 2-1: Ball 3-1: Foul Ball, location: 2F 3-2: Strikes out swinging
|
| Bottom of the 7th over - 0 runs, 1 hit, 0 errors, 0 left on base; Fresno 0 - Durham 3 |
| TOP OF THE 8TH |
|
Fresno Grizzlies batting - Pitching for Durham Bulls : RHP Julian Black
|
|
Batting: SHB Paskar Adegoke
|
0-0: SINGLE (Groundball, P, EV 80.6 MPH) (infield hit)
|
|
Batting: RHB Ramon Castellon
|
0-0: Called Strike 0-1: Ball 1-1: Ball 2-1: Swinging Strike 2-2: Ball Wild Pitch! Paskar Adegoke to second 3-2: Foul Ball, location: 2F 3-2: Foul Ball, location: 2F 3-2: Strikes out looking
|
|
Batting: RHB Nick Deegan
|
0-0: Ball Wild Pitch! Paskar Adegoke to third 1-0: Foul Ball, location: 2F 1-1: Called Strike 1-2: SINGLE (Line Drive, 89S, EV 110.0 MPH) Paskar Adegoke scores
|
|
Batting: RHB Edgar Trejo
|
0-0: Fly out, F3 (Line Drive, 34, EV 70.0 MPH) Lined into DP, U3 (Line Drive, 34, EV 67.5 MPH)
|
| Top of the 8th over - 1 run, 2 hits, 0 errors, 0 left on base; Fresno 1 - Durham 3 |
| BOTTOM OF THE 8TH |
|
Durham Bulls batting - Pitching for Fresno Grizzlies : RHP Bill Garcia
|
|
Pitching: RHP Bobby Leija
|
|
|
Batting: RHB Jose Arriola
|
0-0: Ground out 4-3 (Groundball, 34, EV 78.8 MPH)
|
|
Batting: RHB Danny Diaz
|
0-0: Ball 1-0: Ball 2-0: Ball 3-0: Base on Balls
|
|
Batting: RHB Dan Marks
|
0-0: Ball Danny Diaz is caught stealing 2nd base 2-4 1-0: Swinging Strike 1-1: Ball 2-1: Fly out, F9 (Flyball, 9LS, EV 88.8 MPH)
|
| Bottom of the 8th over - 0 runs, 0 hits, 0 errors, 0 left on base; Fresno 1 - Durham 3 |
| TOP OF THE 9TH |
|
Fresno Grizzlies batting - Pitching for Durham Bulls : RHP Julian Black
|
|
Pitching: RHP Cody Wilharm
|
|
|
Batting: SHB Danny Jensen
|
0-0: Swinging Strike 0-1: Ball 1-1: Foul Ball, location: 2F 1-2: Ball 2-2: Ball 3-2: Strikes out swinging
|
|
Batting: SHB Bryan Johnston
|
0-0: Called Strike 0-1: Swinging Strike 0-2: SOLO HOME RUN (Flyball, 7D, EV 95.0 MPH), Distance : 359 ft
|
|
Batting: RHB Xavier Castaneda
|
0-0: Swinging Strike 0-1: Ground out 4-3 (Groundball, 4, EV 100.6 MPH)
|
|
Batting: RHB Marty King
|
0-0: Called Strike 0-1: Ball 1-1: Foul Ball, location: 2F 1-2: Ball 2-2: Fly out, F8 (Flyball, 8RD, EV 101.9 MPH)
|
| Top of the 9th over - 1 run, 1 hit, 0 errors, 0 left on base; Fresno 2 - Durham 3 |
|